 Dungeon Crawl Stone Soup version 0.23-a0-296-ga3b1b28 (webtiles) character file.

7 iamserjio the Sneak (level 2, -3/17 HPs)
             Began as an Octopode Enchanter on Oct 5, 2018.
             Killed from afar by a dart slug (7 damage)
             ... with a slug dart
             ... on level 2 of the Dungeon.
             The game lasted 00:02:12 (363 turns).

iamserjio the Sneak (Octopode Enchanter)             Turns: 363, Time: 00:02:12

Health: -3/17      AC:  1    Str:  7    XL:     2   Next: 0%
Magic:  2/5        EV: 13    Int: 17    God:
Gold:   61         SH:  0    Dex: 12    Spells: 2/5 levels left

rFire    . . .     SeeInvis .   a - +1 dagger
rCold    + . .     Gourm    .   (no shield)
rNeg     . . .     Faith    .   (helmet restricted)
rPois    .         Spirit   .   (no amulet)
rElec    .         Reflect  .   b - ring of protection from cold
rCorr    .         Harm     .   (no ring)
MR       .....                  (no ring)
Stlth    ++++......             (no ring)
HPRegen  0.05/turn              (no ring)
MPRegen  0.09/turn              (no ring)
                                (no ring)
                                (no ring)

@: very slightly contaminated
A: almost no armour, stealthy swim, amphibious, 8 rings, constrict 8, camouflage
1, gelatinous body 1
a: no special abilities


You were on level 2 of the Dungeon.
You were not hungry.

You visited 1 branch of the dungeon, and saw 2 of its levels.

You collected 61 gold pieces.

Inventory:

Hand Weapons
 a - a +1 dagger (weapon)
Jewellery
 b - a ring of protection from cold (left tentacle)
Scrolls
 d - 2 scrolls of identify {unknown}
 e - a scroll of immolation {unknown}
 g - a scroll of remove curse {unknown}
 j - a scroll of teleportation {unknown}
Potions
 f - a potion of flight {unknown}
 h - a potion of haste {unknown}
Comestibles
 c - 2 rations
 i - 3 chunks of flesh


   Skills:
 + Level 1.5 Short Blades
 - Level 2.0 Dodging
 + Level 4.4 Stealth
 - Level 2.0 Spellcasting
 - Level 3.0 Hexes
 + Level 0.0 Ice Magic


You had 2 spell levels left.
You knew the following spells:

 Your Spells              Type           Power        Failure   Level  Hunger
a - Corona                Hex            ##.....      5%          1    #......
b - Ensorcelled Hibernat  Hex/Ice        #.....       16%         2    ###....

Your spell library contained the following spells:

 Spells                   Type           Power        Failure   Level  Hunger
 Confuse                  Hex            ##......     17%         3    ###....
 Tukima's Dance           Hex            ##......     17%         3    ###....
 Dazzling Spray           Conj/Hex       #.....       30%         3    ###....


Dungeon Overview and Level Annotations

Branches:
Dungeon (2/15)

Altars:


Innate Abilities, Weirdness & Mutations

You cannot wear most types of armour.
You are very stealthy in the water. (Stealth+)
You are amphibious.
You can wear up to eight rings at the same time.
You can use your tentacles to constrict eight enemies at once.
Your skin changes colour to match your surroundings (Stealth+).
Your rubbery body absorbs attacks. (AC +1, EV +1)


Message History

Casting: Ensorcelled Hibernation (safe; 16% risk of failure)
Aiming: Ensorcelled Hibernation (safe; 16% risk of failure)
Aim: a howler monkey (chance to defeat MR: 47%)
The howler monkey resists with some effort.
The howler monkey hoots and howls with incredible vigour!
The howler monkey hits you.
You hear an angry hiss.
Casting: Ensorcelled Hibernation (safe; 16% risk of failure)
You don't have enough magic to cast that spell.
The howler monkey hoots and howls with incredible vigour!
A worm comes into view.
The howler monkey hoots and howls with incredible vigour!
Found 8 gold pieces.
Found a stone staircase leading down.
An adder comes into view.
The dart slug launches a dart at you. The slug dart hits you!
* * * LOW HITPOINT WARNING * * *
The dart slug launches a dart at you. The slug dart hits you!
You die...

### # ..#.#
..##########.#.#.##
.......@.h.wr.$..>#
#.##.###...#.#.#..#
#.....#.# #.#...#.#
.. #<....#r#
....###.###.#
#.....wS...#
#..###.##### ##.#
#.#


You could see a worm, a howler monkey, an adder, a dart slug and a rat.

Vanquished Creatures
  3 hobgoblins (D:1)
  A kobold (D:1)
  A ball python (D:1)
  A frilled lizard (D:1)
6 creatures vanquished.

Notes
Turn   | Place    | Note
-------+----------+-------------------------------------------
     0 | D:1      | iamserjio the Octopode Enchanter began the quest for the
                  | Orb.
     0 | D:1      | Reached XP level 1. HP: 11/11 MP: 3/3
   314 | D:1      | Reached XP level 2. HP: 9/17 MP: 5/5
   318 | D:1      | Learned a level 2 spell: Ensorcelled Hibernation
   337 | D:2      | Noticed a howler monkey
   363 | D:2      | Killed from afar by a dart slug

Vault maps used:
D:1:      mrwooster_arrival_arrow, serial_co_window_serial, co_window_paths_a,
          co_window_corner_a, co_window_of_opportunity_a, co_window_paths_b,
          co_window_of_opportunity_a, co_window_of_opportunity_a,
          co_window_of_opportunity_a, co_window_broadway_b,
          co_window_unsneaky_path_d, co_window_2corner, co_window_cross_4,
          co_window_unsneaky_path_c, co_window_corner_b, co_window_2corner,
          glass_columns_a, glass_columns_a, glass_columns_a
D:2:      grunt_temple_overflow_open, minmay_misc_feat_nine_boxes

Action                   || total
-------------------------++-------
Melee: Dagger            ||    11
       Constrict         ||     3
 Cast: Ensorcelled Hiber ||     1
 Stab: Sleeping          ||     3
Armor: Skin              ||     1
Dodge: Dodged            ||     9

Table legend:
 A = Non-vault XP
 B = Vault XP
 C = Vault XP percentage of total XP
 D = Non-vault monster count
 E = Vault monster count
 F = Vault count percentage of total count
                 A         B        C        D         E       F
            +---------+---------+-------+---------+---------+-------
      Total |      10 |       0 |   0.0 |       6 |       0 |   0.0
            +---------+---------+-------+---------+---------+-------
        D:1 |      10 |       0 |   0.0 |       6 |       0 |   0.0
            +---------+---------+-------+---------+---------+-------
